cohdb
Replays
Latest Replays
All Replays
Popular Replays
Top Player Replays
Match Explorer
How It Works
Community
CoH3 Stats
Reddit
Sign in to upload your games and track your stats! →
Sign in with Steam
Match 41446818
Unlisted
Match 41446818
Overview
Messages
Build Orders
End
Kradschützen Motorcycle Team
Panzergrenadier Squad
Selects Battlefield Espionage Battlegroup
Panzergrenadier Squad
Panzergrenadier Squad
Construct Light Support Kompanie
Fire Support Elements
Veteran Squad Leaders
2.5-tonne Medical Truck
Panzerjäger Mechanized Group
Selects 250/3 Funkpanzerwagen
Construct Panzerarmee Kommand
Selects Advanced Ambush Training
Panzergrenadier Squad
Armored Reserves
Pak 38 Anti-tank Gun Team
Panzer IV Assault Group
Selects Intel Disruption Beacon
Selects Plunder
Selects Firestorm
Emergency Repair Kits
Vehicle Survival Package
Firestorm
Rapid Advance
Tiger Heavy Tank
Firestorm
sw
Auxiliary Priest
MrMisrulent
PanzerANUs
0
0
Comments
sign in to comment!
No comments posted yet!